cohdb
Replays
Latest Replays
All Replays
Popular Replays
Top Player Replays
Match Explorer
How It Works
Community
CoH3 Stats
Reddit
Sign in to upload your games and track your stats! →
Sign in with Steam
Match 44417954
Unlisted
Match 44417954
Overview
Messages
Build Orders
End
Panzergrenadier Squad
Selects Italian Infantry
250 Light Carrier
Panzergrenadier Squad
Panzergrenadier Squad
Construct Light Support Kompanie
2.5-tonne Medical Truck
250 Light Carrier
Panzergrenadier Squad
Selects Defensive Operations
Combat Half-tracks
Fire Support Elements
Pak 38 Mechanized Group
MG34 Team
Construct Panzerarmee Kommand
Selects Guastatori Squad
Selects Registered Artillery
Armored Reserves
Panzer IV Assault Group
Selects Towed Cannone da 105/28 Field Howitzer
Selects Prepared Positions
Veteran Squad Leaders
Seshagrantch
KnJaz
Arturokq
Mystery
0
0
Comments
sign in to comment!
No comments posted yet!